 Dungeon Crawl Stone Soup version 0.23.2-1-ga50397a6bc (webtiles) character file.

Game seed: 10954268524021193421

306 Mrkan the Cudgeler (level 6, 0/57 HPs)
             Began as a Deep Dwarf Fighter on May 19, 2019.
             Was an Initiate of Makhleb.
             Killed by divine providence
             ... invoked by an orc priest
              (9 damage)
             ... on level 4 of the Dungeon.
             The game lasted 00:04:45 (2584 turns).

Mrkan the Cudgeler (Deep Dwarf Fighter)             Turns: 2584, Time: 00:04:46

Health: 0/57       AC:  6    Str: 21    XL:     6   Next: 16%
Magic:  6/6        EV:  7    Int:  9    God:    Makhleb [......]
Gold:   158        SH:  9    Dex: 12    Spells: 5/5 levels left

rFire    . . .     SeeInvis .   a - +0 flail
rCold    . . .     Gourm    .   c - +0 shield
rNeg     . . .     Faith    .   b - +0 scale mail
rPois    .         Spirit   .   (no helmet)
rElec    .         Reflect  .   (no cloak)
rCorr    .         Harm     .   (no gloves)
MR       .....                  (no boots)
Stlth    ..........             (no amulet)
HPRegen  0.00/turn              (no ring)
MPRegen  0.10/turn              (no ring)

@: non-regenerating
A: damage resistance, heal wounds, sense surroundings 1, no regeneration
a: Heal Wounds, Renounce Religion


You were on level 4 of the Dungeon.
You worshipped Makhleb.
Makhleb was noncommittal.
You were hungry.

You visited 1 branch of the dungeon, and saw 4 of its levels.

You collected 158 gold pieces.

Inventory:

Hand Weapons
 a - a +0 flail (weapon)
Armour
 b - a +0 scale mail (worn)
 c - a +0 shield (worn)
Wands
 r - a wand of iceblast (9)
Scrolls
 e - 6 scrolls of identify {unknown}
 h - 4 scrolls of remove curse {unknown}
 j - 3 scrolls of teleportation {unknown}
 n - 2 scrolls of immolation {unknown}
 o - a scroll of amnesia {unknown}
 p - a scroll of enchant armour {unknown}
Potions
 d - a potion of might
 g - a potion of degeneration {unknown}
 i - 2 potions of curing {unknown}
 k - a potion of cancellation {unknown}
 l - 2 potions of haste {unknown}
 m - a potion of lignification {unknown}
 q - a potion of heal wounds {unknown}
Comestibles
 f - 2 rations


   Skills:
 + Level 4.2 Fighting
 * Level 5.4 Maces & Flails
 - Level 3.2 Armour
 - Level 3.2 Shields
 + Level 0.4 Invocations


You had 5 spell levels left.
You didn't know any spells.
Your spell library was empty.

Dungeon Overview and Level Annotations

Branches:
Dungeon (4/15)
 Temple: D:4-7

Altars:
Ashenzari
Makhleb
Nemelex Xobeh
Wu Jian


Innate Abilities, Weirdness & Mutations

You are resistant to damage.
You can heal yourself by infusing magical energy.
You passively map a small area around you.
You do not regenerate.


Message History

You barely miss the leopard gecko. The leopard gecko bites you.
You block the leopard gecko's attack.
You miss the leopard gecko. The leopard gecko barely misses you.
The orc priest mumbles some strange prayers to Beogh against you.
Beogh smites you!
You thump the leopard gecko!
You kill the leopard gecko!
Makhleb accepts your kill. You block the orc's attack.
You hit the orc.
The orc is lightly wounded.
The orc priest calls down the wrath of Beogh upon you.
Beogh smites you!
* * * LOW HITPOINT WARNING * * *
The orc hits you with a +0 dagger.
You hit the orc.
The orc is severely wounded.
The orc priest calls down the wrath of Beogh upon you.
Beogh smites you!
You die...

, * * , # #.
* * , #.##.##
* *##.#...# *
o.....#* ,
.o... , ,#..<
, , ,
*#o#######.#
* #...oo@...#
#.#########
#.# #.# , #.#
#.# #.#
###########.#
.........##.#
*


You could see 2 orc priests and an orc.

Vanquished Creatures
  A centaur (D:2)
  2 orc wizards (D:3)
  2 worker ants
  3 adders
  3 worms
  4 dart slugs
  3 leopard geckos
  5 orcs (D:3)
  A ball python (D:1)
  6 bats
  6 giant cockroaches
  6 goblins
  8 hobgoblins
  8 jackals (D:3)
  2 quokkas (D:2)
  3 frilled lizards
  4 kobolds
  8 rats
75 creatures vanquished.

Notes
Turn   | Place    | Note
-------+----------+-------------------------------------------
     0 | D:1      | Mrkan the Deep Dwarf Fighter began the quest for the Orb.
     0 | D:1      | Reached XP level 1. HP: 20/20 MP: 1/1
    96 | D:1      | Found a shattered altar of Ashenzari.
   131 | D:1      | Reached XP level 2. HP: 27/27 MP: 2/2
   232 | D:1      | Reached skill level 3 in Maces & Flails
   508 | D:1      | Reached XP level 3. HP: 27/34 MP: 3/3
   819 | D:2      | Found an ornate altar of the Wu Jian Council.
  1046 | D:2      | Noticed a centaur
  1057 | D:2      | Killed a centaur
  1057 | D:2      | Reached skill level 4 in Maces & Flails
  1057 | D:2      | Reached XP level 4. HP: 28/44 MP: 4/4
  1057 | D:2      | Reached XP level 5. HP: 32/50 MP: 5/5
  1143 | D:2      | Found a faded altar of an unknown god.
  1806 | D:3      | Reached skill level 5 in Maces & Flails
  2425 | D:3      | Reached XP level 6. HP: 37/57 MP: 6/6
  2463 | D:4      | Found a sparkling altar of Nemelex Xobeh.
  2463 | D:4      | Found a burning altar of Makhleb.
  2464 | D:4      | Found a shattered altar of Ashenzari.
  2470 | D:4      | Became a worshipper of Makhleb the Destroyer
  2584 | D:4      | Killed from afar by an orc priest

Skill      XL: |  1  2  3  4  5 |
---------------+----------------+-----
Fighting       | 3 4 |  4.2
Maces & Flails | 3 4 5 |  5.4
Armour         | |  3.2
Shields        | |  3.2
Invocations    | |  0.4

Action                   |  1- 3 |  4- 6 || total
-------------------------+-------+-------++-------
Melee: Flail             |   124 |   165 ||   289
 Abil: Heal Wounds       |     1 |     1 ||     2
  Eat: Chunk             |       |     5 ||     5
Armor: Scale mail        |    51 |   123 ||   174
Dodge: Dodged            |    37 |    63 ||   100
Block: Shield            |    68 |   138 ||   206
